 Dungeon Crawl Stone Soup version 0.22.1-1-ga44c0e56f4 (console) character file.

12836 Kloppie the Grappler (level 11, 0/117 HPs)
             Began as a Troll Monk on Sept 21, 2018.
             Was the Champion of Okawaru.
             Slain by a redback (7 damage)
             ... on level 2 of the Lair of Beasts.
             The game lasted 00:23:20 (10443 turns).

Kloppie the Grappler (Troll Monk)                  Turns: 10443, Time: 00:23:20

Health: 0/117      AC: 11    Str: 23    XL:     11   Next: 67%
Magic:  10/10      EV:  9    Int:  9    God:    Okawaru [******]
Gold:   621        SH:  0    Dex: 22    Spells: 10/10 levels left

rFire    . . .     SeeInvis .     - Unarmed
rCold    + . .     Gourm    +   (no shield)
rNeg     . . .     Faith    .   n - +2 robe {rC+}
rPois    +         Spirit   .   w - +2 hat {Int+3}
rElec    .         Reflect  .   (no cloak)
rCorr    .         Harm     .   (gloves unavailable)
MR       .....                  (boots unavailable)
Stlth    ++........             (no amulet)
HPRegen  0.69/turn              r - ring of poison resistance
MPRegen  0.12/turn              y - ring of Ibuxen {Str+2 Dex+5}

@: lethally poisoned (0 -> -10), about to teleport, held
A: large, unfitting armour, claws 3, horns 1, slimy green scales 1, agile 1,
fast metabolism 3, gourmand, regeneration 1, shaggy fur 1, tough skin 2
a: Heroism, Finesse, Renounce Religion


You were on level 2 of the Lair of Beasts.
You worshipped Okawaru.
Okawaru was exalted by your worship.
You were very full.

You visited 3 branches of the dungeon, and saw 12 of its levels.

You collected 660 gold pieces.
You spent 39 gold pieces at shops.

Inventory:

Missiles
 d - 6 large rocks
 g - 3 javelins of penetration
 C - 3 tomahawks (quivered)
Armour
 n - a +2 robe of cold resistance (worn)
 w - a +2 hat of intelligence (worn)
Jewellery
 i - an uncursed ring of ice
 r - a ring of poison resistance (left claw)
 s - an uncursed ring of protection from magic
 x - an uncursed ring of positive energy
 y - the ring of Ibuxen (right claw) {Str+2 Dex+5}
   (You found it on level 8 of the Dungeon)

   [ring of dexterity]

   It affects your strength (+2).
   It affects your dexterity (+5).
 F - an uncursed ring of ice
Wands
 h - a wand of enslavement (16)
 j - a wand of polymorph (7)
 z - a wand of flame (47)
 B - a wand of scattershot (1)
 G - a wand of iceblast (16)
 H - a wand of random effects (60)
Scrolls
 b - 2 scrolls of identify
 c - 6 scrolls of enchant armour
 e - 5 scrolls of teleportation
 k - 3 scrolls of enchant weapon
 u - 4 scrolls of remove curse
 v - 3 scrolls of magic mapping
Potions
 f - 2 potions of mutation
 m - 3 potions of curing
 o - a potion of might
 t - a potion of resistance
 D - a potion of ambrosia
Comestibles
 a - 14 chunks of flesh
 p - 24 rations


   Skills:
 - Level 10.0 Fighting
 - Level 5.3 Throwing
 + Level 8.5 Dodging
 - Level 1.0 Stealth
 - Level 10.4 Unarmed Combat


You had 10 spell levels left.
You didn't know any spells.
Your spell library contained the following spells:

 Spells                   Type           Power        Failure   Level  Hunger
 Animate Skeleton         Necr           N/A          38%         1    ##.....
 Beastly Appendage        Tmut           #.....       38%         1    ##.....
 Pain                     Necr           #...         38%         1    ##.....
 Sticks to Snakes         Tmut           #.......     52%         2    ###....
 Regeneration             Chrm/Necr      #.........   77%         3    ####...
 Spider Form              Tmut/Pois      #.........   77%         3    ####...
 Vampiric Draining        Necr           #.........   77%         3    ####...
 Animate Dead             Necr           N/A          99%         4    #####..
 Ice Form                 Ice/Tmut       #.......     99%         4    #####..
 Blade Hands              Tmut           #.........   100%        5    ######.


Dungeon Overview and Level Annotations

Branches:
Dungeon (9/15)             Temple (1/1) D:4            Lair (2/6) D:9
 Shoals (0/4) Lair:2       Spider (0/4) Lair:2          Orc (0/2) D:9

Altars:
Ashenzari
Cheibriados
Dithmenos
Elyvilon
Fedhas
Gozag
Hepliaklqana
Kikubaaqudgha
Makhleb
Nemelex Xobeh
Okawaru
Qazlal
Ru
Sif Muna
Trog
Uskayaw
Vehumet
Wu Jian
Xom
Yredelemnul
Zin
The Shining One

Shops:
D:9 *

Annotations:
D:4 2 transporters
D:5 1 transporter, Nebulos's ghost, amateur DEFE


Innate Abilities, Weirdness & Mutations

You are too large for most types of armour.
You have claws for hands.
Your metabolism is lightning-fast.
You like to eat raw meat.
Your natural rate of healing is unusually fast.
You are covered in fur. (AC +1)
You have very tough skin. (AC +2)
You have a pair of small horns on your head.
You are partially covered in slimy green scales. (AC +2)
You are agile. (Dex +2)


Message History

You feel much better. The wolf spider hits you.
* * * LOW HITPOINT WARNING * * *
The wolf spider bites you but does no damage.
The redback barely misses you. The jumping spider pounces on you.
* * * LOW HITPOINT WARNING * * *
The jumping spider bites you but does no damage.
The wolf spider hits you but does no damage.
The wolf spider bites you!
* * * LOW HITPOINT WARNING * * *
You are lethally poisoned!
The wolf spider poisons you!
You feel much better.
You feel very sick.
The redback bites you but does no damage.
The jumping spider pounces on you!
* * * LOW HITPOINT WARNING * * *
You are even more entangled.
The jumping spider barely misses you.
The wolf
* * * LOW HITPOINT WARNING * * *
The wolf spider barely misses you. The redback bites you!
You die...

#......##
##.......#
#.......####
#.........#..#
#....#......##
#....##.......##
#....######.....#
....##....#.%...#
..###..>.##.....#
#.^.s.s#.....##
#...s@##.....P#
#..^.^##.....###
#.^...##.......#
....###....###.#
..# #.......# ##
. #....#.##
####(### #.##.##
#.....#
......#..#####
......)##....# ##


You could see a wolf spider, a jumping spider and a redback.

Vanquished Creatures
  Gastronok (Lair:1)
  Fannar (Lair:1)
  The ghost of vurker the Thaumaturge, a novice GnWz of Ashenzari (D:9)
  Pikel (D:6)
  A wolf spider (Lair:2)
  2 spectral centaurs (D:9)
  A torpor snail (Lair:2)
  2 spiny frogs (Lair:1)
  Joseph (Lair:1)
  A komodo dragon (Lair:1)
  Prince Ribbit (D:7)
  3 dream sheep
  2 shadows
  A wraith (D:9)
  2 wyverns (D:8)
  4 yaks (Lair:2)
  Eustachio (D:6)
  2 hungry ghosts
  Grum (Lair:1)
  Menkaure (D:6)
  Duvessa (D:6)
  2 water moccasins (Lair:1)
  3 porcupines
  A sky beast (D:7)
  4 phantoms
  4 orc warriors
  An ice beast (D:8)
  2 wolves (Lair:1)
  4 centaurs
  4 ogres
  3 crocodiles
  2 big kobolds
  5 bullfrogs
  A scorpion (D:8)
  Dowan (D:6)
  12 killer bees
  A crimson imp (D:5)
  A quasit (D:8)
  2 jellies
  4 orc priests
  4 centaur skeletons
  6 orc wizards
  2 iguanas
  8 worker ants
  A hound skeleton (D:5)
  7 gnolls
  11 adders
  3 shadow imps
  An ooze (D:2)
  2 adder skeletons
  3 worms
  3 dart slugs
  7 leopard geckos
  29 orcs
  4 giant cockroaches
  10 goblins
  13 hobgoblins
  6 jackals
  11 kobolds
  4 quokkas
  2 ball pythons (D:8)
  5 bats
  3 frilled lizards
  A jackal zombie (D:7)
  A leopard gecko zombie (D:6)
  9 rats
244 creatures vanquished.

Vanquished Creatures (others)
  2 slaves (D:6)
  A bullfrog (D:6)
  A scorpion (D:6)
  A jelly (D:6)
  3 orcs (D:6)
  A jackal (D:6)
  3 fungi
12 creatures vanquished.

Grand Total: 256 creatures vanquished

Notes
Turn   | Place    | Note
-------+----------+-------------------------------------------
     0 | D:1      | Kloppie the Troll Monk began the quest for the Orb.
     0 | D:1      | Reached XP level 1. HP: 22/22 MP: 0/0
    52 | D:1      | Reached XP level 2. HP: 29/29 MP: 1/1
   297 | D:1      | Reached XP level 3. HP: 37/37 MP: 2/2
  1005 | D:2      | You fall through a shaft!
  1068 | D:2      | Reached XP level 4. HP: 45/45 MP: 3/3
  1944 | D:3      | Reached XP level 5. HP: 49/54 MP: 4/4
  2520 | D:4      | Noticed an ogre
  2525 | D:4      | Noticed a phantom
  2533 | D:4      | Killed an ogre
  2533 | D:4      | Reached skill level 5 in Unarmed Combat
  2533 | D:4      | Reached XP level 6. HP: 28/63 MP: 5/5
  2685 | D:4      | Found a staircase to the Ecumenical Temple.
  2694 | Temple   | Entered the Ecumenical Temple
  2938 | Temple   | Became a worshipper of Warmaster Okawaru
  2938 | Temple   | Reached * piety under Okawaru
  2938 | Temple   | Reached ** piety under Okawaru
  3013 | D:4      | Reached skill level 5 in Fighting
  3203 | D:4      | Found a transporter.
  3218 | D:4      | Found a transporter.
  3278 | D:5      | Entered Level 5 of the Dungeon
  3284 | D:5      | Reached skill level 1 in Throwing
  3284 | D:5      | Reached XP level 7. HP: 74/74 MP: 6/6
  3467 | D:4      | Gained mutation: You have a pair of small horns on your
                  | head. [potion of mutation]
  3467 | D:4      | Gained mutation: You are agile. (Dex +2) [potion of
                  | mutation]
  3467 | D:4      | Gained mutation: You are partially covered in slimy green
                  | scales. (AC +2) [potion of mutation]
  3699 | D:5      | Found a glowing silver altar of Zin.
  3871 | D:5      | Found a transporter.
  3872 | D:5      | Noticed Nebulos's ghost (amateur DEFE)
  4098 | D:5      | Reached *** piety under Okawaru
  4312 | D:6      | Noticed Eustachio
  4321 | D:6      | Killed Eustachio
  4321 | D:6      | Reached XP level 8. HP: 81/84 MP: 7/7
  4661 | D:6      | Noticed Pikel
  4673 | D:6      | Killed Pikel
  4673 | D:6      | Reached skill level 5 in Throwing
  4740 | D:6      | Found a shattered altar of Ashenzari.
  4759 | D:6      | Noticed Dowan
  4768 | D:6      | Killed Dowan
  4768 | D:6      | Noticed Duvessa
  4803 | D:6      | Killed Duvessa
  4803 | D:6      | Reached **** piety under Okawaru
  4884 | D:6      | Noticed Menkaure
  4889 | D:6      | Killed Menkaure
  4889 | D:6      | Reached XP level 9. HP: 91/96 MP: 8/8
  5808 | D:7      | Noticed Prince Ribbit
  5820 | D:7      | Killed Prince Ribbit
  6176 | D:7      | Reached ***** piety under Okawaru
  6587 | D:8      | Reached XP level 10. HP: 67/107 MP: 9/9
  6718 | D:8      | Got a translucent wooden ring
  6771 | D:8      | Identified the ring of Ibuxen {Str+2 Dex+5} (You found it
                  | on level 8 of the Dungeon)
  7717 | D:9      | Found Xonoff's Changing Room.
  7736 | D:9      | Bought a potion of lignification for 39 gold pieces
  7885 | D:9      | Found a transporter.
  7986 | D:9      | Found a transporter.
  7986 | D:9      | Noticed vurker's ghost (novice GnWz)
  7988 | D:9      | Noticed a spectral centaur warrior
  8001 | D:9      | Found a blossoming altar of Fedhas.
  8010 | D:9      | Reached skill level 10 in Fighting
  8030 | D:9      | Found a staircase to the Lair.
  8218 | D:9      | Found a staircase to the Orcish Mines.
  8820 | D:9      | Killed a spectral centaur warrior
  8820 | D:9      | Received a gift from Okawaru
  8832 | D:9      | Killed vurker's ghost
  8832 | D:9      | Reached skill level 10 in Unarmed Combat
  8991 | Lair:1   | Entered Level 1 of the Lair of Beasts
  9012 | Lair:1   | Received a gift from Okawaru
  9047 | Lair:1   | Noticed a spiny frog
  9148 | Lair:1   | Killed a spiny frog
  9158 | Lair:1   | Noticed a spiny frog
  9165 | Lair:1   | Killed a spiny frog
  9169 | Lair:1   | Noticed Grum
  9181 | Lair:1   | Killed Grum
  9181 | Lair:1   | Reached XP level 11. HP: 19/117 MP: 7/10
  9492 | Lair:1   | Reached skill level 5 in Dodging
  9505 | Lair:1   | Noticed Joseph
  9511 | Lair:1   | Killed Joseph
  9581 | Lair:1   | Noticed Fannar
  9602 | Lair:1   | Killed Fannar
 10005 | Lair:2   | Found a staircase to the Shoals.
 10008 | Lair:2   | Noticed Gastronok
 10179 | Lair:1   | Killed Gastronok
 10179 | Lair:1   | Reached ****** piety under Okawaru
 10179 | Lair:1   | Received a gift from Okawaru
 10179 | Lair:1   | Received a gift from Okawaru
 10433 | Lair:2   | Noticed a catoblepas
 10435 | Lair:2   | Found a hole to the Spider Nest.
 10435 | Lair:2   | Noticed a wolf spider
 10435 | Lair:2   | Noticed a wolf spider
 10437 | Lair:2   | Killed a wolf spider
 10441 | Lair:2   | HP: 4/117 [jumping spider (11)]
 10443 | Lair:2   | Slain by a redback

Skill      XL: |  1  2  3  4  5  6  7  8  9 10 11 |
---------------+----------------------------------+-----
Fighting       | 3 4 5 6 8 9 10 | 10.0
Unarmed Combat | 4 5 7 10 | 10.4
Throwing       | 1 3 5 |  5.3
Dodging        | 4 8 |  8.5
Stealth        | |  1.0

Action                   |  1- 3 |  4- 6 |  7- 9 | 10-12 || total
-------------------------+-------+-------+-------+-------++-------
Melee: Unarmed           |    89 |   141 |   273 |   225 ||   728
       Punch             |     1 |     4 |     9 |    12 ||    26
       Headbutt          |       |       |    64 |    68 ||   132
 Fire: Hunting sling     |       |     4 |       |       ||     4
Throw: Stone             |       |     7 |    37 |       ||    44
       Tomahawk          |       |       |       |     9 ||     9
       Large rock        |       |       |       |     3 ||     3
Invok: Heroism           |       |       |     1 |     4 ||     5
  Use: Scroll            |       |       |     7 |    11 ||    18
       Potion            |       |       |     7 |     8 ||    15
 Stab: Sleeping          |     4 |     4 |     4 |     3 ||    15
       Invisible         |       |       |     2 |       ||     2
       Distracted        |       |       |       |     1 ||     1
  Eat: Chunk             |    15 |    20 |    37 |    40 ||   112
Armor: Robe              |    24 |    28 |    53 |    65 ||   170
       Skin              |       |       |       |     7 ||     7
Dodge: Dodged            |    38 |    51 |   145 |   145 ||   379
